 Dungeon Crawl Stone Soup version 0.22-a0-609-gfedc9ff (webtiles) character file.

668 Hebeh the Magician (level 7, -3/38 HPs)
             Began as a Deep Elf Fire Elementalist on July 10, 2018.
             Slain by a scorpion (6 damage)
             ... on level 5 of the Dungeon.
             The game lasted 00:25:29 (6114 turns).

Hebeh the Magician (Deep Elf Fire Elementalist)     Turns: 6114, Time: 00:25:30

Health: -3/38      AC:  3    Str:  6    XL:     7   Next: 32%
Magic:  0/17       EV: 14    Int: 21    God:
Gold:   102        SH:  0    Dex: 15    Spells: 11/17 levels left

rFire    . . .     SeeInvis .   z - +4 flail of the Crawling Thing {freeze, *Noise rPois rC- rN+++}
rCold    x . .     Gourm    .   (no shield)
rNeg     + + +     Faith    .   i - +0 robe
rPois    +         Spirit   .   (no helmet)
rElec    .         Reflect  .   x - +0 cloak
rCorr    .         Harm     .   (no gloves)
MR       +....                  (no boots)
Stlth    +++.......             (no amulet)
HPRegen  0.12/turn              n - ring of protection from magic
MPRegen  0.15/turn              (no ring)

@: no status effects
A: no striking features
a: no special abilities


You were on level 5 of the Dungeon.
You were not hungry.

You visited 1 branch of the dungeon, and saw 5 of its levels.

You collected 102 gold pieces.

Inventory:

Hand Weapons
 a - a +0 short sword
 b - a +0 hunting sling
 z - the +4 flail of the Crawling Thing (weapon) {freeze, *Noise rPois rC- rN+++}
   (You found it on level 4 of the Dungeon)

   It has been specially enchanted to freeze those struck by it, causing extra
   injury to most foes and up to half again as much damage against particularly
   susceptible opponents.
   It can also slow down cold-blooded creatures.
   It makes you vulnerable to cold.
   It protects you from poison.
   It renders you almost immune to negative energy.
   It may make noises in combat.
Missiles
 h - 136 stones
 k - 26 sling bullets
 y - 2 tomahawks of returning (quivered)
Armour
 i - a +0 robe (worn)
 x - a +0 cloak (worn)
Jewellery
 n - a ring of protection from magic (left hand)
Scrolls
 f - 2 scrolls of enchant armour {unknown}
 g - a scroll of fog {unknown}
 l - 7 scrolls of identify {unknown}
 p - 2 scrolls of amnesia {unknown}
 r - a scroll of blinking {unknown}
 s - a scroll of teleportation {unknown}
 v - 3 scrolls of remove curse {unknown}
 A - a scroll of magic mapping {unknown}
 B - a scroll of enchant weapon {unknown}
Potions
 d - a potion of cancellation {unknown}
 e - 2 potions of heal wounds {unknown}
 j - a potion of mutation {unknown}
 m - a potion of degeneration {unknown}
 o - 4 potions of flight {unknown}
 t - 2 potions of brilliance {unknown}
 u - 2 potions of lignification {unknown}
 w - a potion of resistance {unknown}
Comestibles
 c - 4 rations


   Skills:
 + Level 1.6 Fighting
 + Level 3.7 Dodging
 - Level 4.0 Stealth
 * Level 5.9 Spellcasting
 * Level 4.3 Conjurations
 * Level 5.4 Fire Magic


You had 11 spell levels left.
You knew the following spells:

 Your Spells              Type           Power        Failure   Level  Hunger
a - Flame Tongue          Conj/Fire      ####.        1%          1    None
b - Throw Flame           Conj/Fire      ####..       1%          2    None
c - Conjure Flame         Conj/Fire      ####....     4%          3    ##.....

Your spell library contained the following spells:

 Spells                   Type           Power        Failure   Level  Hunger
 Fireball                 Conj/Fire      ####......   36%         5    #####..
 Sticky Flame             Conj/Fire      ####....     13%         4    ####...
 Inner Flame              Hex/Fire       ###.....     10%         3    ##.....


Dungeon Overview and Level Annotations

Branches:
Dungeon (5/15)
 Temple: D:4-7

Altars:
Dithmenos
Yredelemnul
Beogh

Annotations:
D:3 3 runed doors, sking99's ghost, amateur DrTm


Message History

Press: ? - help, Shift-Dir - straight line, f/p - hound
Aim: a hound The flame tongue hits the hound.
The hound is lightly wounded.
The hound stops to sniff the ground.
The hound barely misses you. The scorpion stings you.
* * * LOW HITPOINT WARNING * * *
The hound bites you.
* * * LOW HITPOINT WARNING * * *
Casting: Flame Tongue (safe; 1% risk of failure)
Confirm with . or Enter, or press ? or * to list all spells.
Aiming: Flame Tongue (safe; 1% risk of failure)
Press: ? - help, Shift-Dir - straight line, f/p - hound
Aim: a hound (lightly wounded)
The flame tongue hits the hound.
The hound is almost dead.
The hound bites you.
* * * LOW HITPOINT WARNING * * *
The scorpion stings you.
You die...

..#...)<.##
#..#.......##
#...........###
#.............
...........#
..#.......#
......sh.#
####.#..@#
#....##.##
#.#.....#
#....#### ###
.#####.####.....
.........<...#
##.#.######### #


You could see a scorpion and a hound.

Vanquished Creatures
  A centaur (D:5)
  2 ogres (D:4)
  A scorpion (D:4)
  A centaur skeleton (D:4)
  An orc priest (D:4)
  A bullfrog skeleton (D:5)
  Natasha (thrice) (D:2)
  2 worker ants (D:4)
  5 adders
  An ooze (D:1)
  An adder skeleton (D:4)
  3 worms (D:2)
  5 dart slugs
  2 leopard geckos
  7 orcs
  2 ball pythons
  3 giant cockroaches
  8 goblins
  11 hobgoblins
  A quokka (D:4)
  11 bats
  5 frilled lizards
  3 kobolds
  10 rats
90 creatures vanquished.

Notes
Turn   | Place    | Note
-------+----------+-------------------------------------------
     0 | D:1      | Hebeh the Deep Elf Fire Elementalist began the quest for the Orb.
     0 | D:1      | Reached XP level 1. HP: 10/10 MP: 6/6
   145 | D:1      | Reached XP level 2. HP: 15/15 MP: 1/8
   678 | D:1      | Reached XP level 3. HP: 19/19 MP: 7/9
  1217 | D:1      | Learned a level 2 spell: Throw Flame
  1221 | D:1      | Learned a level 3 spell: Conjure Flame
  2151 | D:2      | Reached XP level 4. HP: 15/24 MP: 6/11
  2458 | D:2      | Noticed Natasha
  2467 | D:2      | Killed Natasha
  3050 | D:2      | Noticed Natasha
  3055 | D:2      | Killed Natasha
  3427 | D:2      | Noticed Natasha
  3432 | D:2      | Killed Natasha
  3432 | D:2      | Reached XP level 5. HP: 19/28 MP: 7/13
  3902 | D:3      | Found a shadowy altar of Dithmenos.
  4175 | D:3      | Found a runed gate.
  4175 | D:3      | Found a runed gate.
  4175 | D:3      | Found a runed gate.
  4180 | D:3      | Noticed sking99's ghost (amateur DrTm)
  4804 | D:3      | Found a roughly hewn altar of Beogh.
  5013 | D:4      | Reached skill level 1 in Fighting
  5013 | D:4      | Reached XP level 6. HP: 20/34 MP: 0/15
  5278 | D:4      | Reached skill level 5 in Spellcasting
  5569 | D:4      | Got a polished flail
  5807 | D:4      | Reached skill level 5 in Fire Magic
  5807 | D:4      | Reached XP level 7. HP: 38/38 MP: 10/17
  5937 | D:4      | Found a basalt altar of Yredelemnul.
  6037 | D:4      | Identified the +4 flail of the Crawling Thing {freeze, *Noise rPois rC- rN+++} (You found it on level 4 of the Dungeon)
  6094 | D:5      | Entered Level 5 of the Dungeon
  6114 | D:5      | Slain by a scorpion

Vault maps used:
D:1:      shiori_arrival_maze, minivault_4
D:2:      first_ration, uniq_natasha
D:3:      nicolae_dithmenos_shadow_blocks, biasface_ghost_orc_armoury, hex_large
D:4:      kennysheep_little_box, minmay_misc_feat_room
D:5:      minmay_temple_entry_fiery, uniq_duvessa, uniq_crazy_yiuf_cottage

Skill      XL: |  1  2  3  4  5  6  7 |
---------------+----------------------+-----
Stealth        | 3 4 |  4.0
Conjurations   | 2 3 4 |  4.3
Spellcasting   | 4 5 |  5.9
Fire Magic     | 4 5 |  5.4
Dodging        | 3 |  3.7
Fighting       | 1 |  1.6

Action                   |  1- 3 |  4- 6 |  7- 9 || total
-------------------------+-------+-------+-------++-------
 Fire: Hunting sling     |    53 |    60 |     1 ||   114
 Cast: Flame Tongue      |    62 |    79 |    12 ||   153
       Throw Flame       |     1 |     4 |     6 ||    11
       Conjure Flame     |       |     2 |       ||     2
  Eat: Chunk             |     4 |     7 |     1 ||    12
       Ration            |       |     1 |       ||     1
Armor: Robe              |     5 |     2 |       ||     7
Dodge: Dodged            |    17 |    15 |     7 ||    39

Table legend:
 A = Spawn XP
 B = Non-spawn XP
 C = Spawn XP percentage of total XP
 D = Spawn monster count
 E = Non-spawn monster count
 F = Spawn count percentage of total count
 G = Total turns spent on level
                    A         B        C        D         E        F      G
               +---------+---------+-------+---------+---------+-------+---------
         Total |       0 |     955 |   0.0 |       0 |      90 |   0.0 |  6114
               +---------+---------+-------+---------+---------+-------+---------
           D:1 |       0 |      51 |   0.0 |       0 |      28 |   0.0 |  1260
           D:2 |       0 |     175 |   0.0 |       0 |      25 |   0.0 |  2438
           D:3 |       0 |      50 |   0.0 |       0 |      16 |   0.0 |  1245
           D:4 |       0 |     518 |   0.0 |       0 |      19 |   0.0 |  1151
           D:5 |       0 |     161 |   0.0 |       0 |       2 |   0.0 |    20
               +---------+---------+-------+---------+---------+-------+---------
